AoeStats
← JellyGolem

MegaRandom

505570795Analyzed
2v2 RM · 24d ago on Sep 10, 2026· 33m 35s· 4 players
Game mode
Random Map
Map size
Medium (4 player)
Population
200
Speed
Normal
Resources
Standard
Victory
Conquest
Starting age
Dark Age
Ending age
Imperial Age
RankedLock teamsTeams togetherTeam positionsShared explorationLock speedFull tech treeHidden civsTurbo modeCheats
Victory
Defeat
🇨🇱 Vietnamese · Chile
989
+15
🇲🇽 Portuguese · Mexico
875
+19
🇺🇸 Wei · United States
971
-47
🇺🇸 Tupi · United States
933
-16
Felipe Javier
7:56 Loom
11:18 Feudal Age
13:00 Wheelbarrow
17:31 Castle Age
17:02 Stone Mining
17:02 Double-Bit Axe
18:20 Horse Collar
21:49 Fletching
22:52 Gold Mining
25:19 Bodkin Arrow
28:59 Hand Cart
28:54 Squires
35:07 Imperial Age
33:16 Forging
32:54 Arson
GenaroCazador
10:51 Feudal Age
18:35 Castle Age
17:02 Horse Collar
18:05 Stone Mining
22:56 Double-Bit Axe
26:13 Gold Mining
29:02 Fletching
NMF
12:51 Feudal Age
14:58 Double-Bit Axe
19:10 Wheelbarrow
18:21 Town Watch
18:58 Horse Collar
23:15 Castle Age
22:24 Padded Archer Armor
22:15 Fletching
22:31 Scale Barding Armor
JellyGolem
9:05 Feudal Age
9:47 Double-Bit Axe
9:46 Horse Collar
12:42 Champi Runner
19:45 Castle Age
18:38 Stone Mining
18:40 Gold Mining
18:55 Fletching
19:06 Padded Archer Armor
21:11 Leather Archer Armor
21:25 Heavy Plow
22:04 Gold Shaft Mining
28:09 Bodkin Arrow
31:47 Pikeman
32:28 Squires
Connection lost

Rejoining the realm…

Still unreachable

The connection could not be restored.

Session expired

The server has moved on; the page needs a fresh start.